 Dungeon Crawl Stone Soup version 0.32-a0-687-g804251a (webtiles) character file.

Game seed: 12632304930110731087

3570 Dorkslayer the Grappler (level 10, 0/66 HPs)
             Began as an Octopode Fighter on Mar 12, 2024.
             Was a Believer of Dithmenos.
             Slain by an orc warrior
             ... wielding a +0 halberd
              (14 damage)
             ... on level 8 of the Dungeon.
             The game lasted 00:15:52 (6172 turns).

Dorkslayer the Grappler (Octopode Fighter)          Turns: 6172, Time: 00:15:53

Health: 0/66       AC:  1    Str: 19    XL:     10   Next: 9%
Magic:  10/10      EV: 16    Int: 10    God:    Dithmenos [**....]
Gold:   1706       SH:  0    Dex: 18    Spells: 9/9 levels left

rFire   . . .        d - +10 lajatang "Goblinslayer" {speed, ^Fragile rPois Will- Dex+5}
rCold   . . .        (shield currently unavailable)
rNeg    . . .        (helmet restricted)
rPois   +            y - amulet of magic regeneration
rElec   .            f - ring of poison resistance
rCorr   .            (no ring)
SInv    .            (no ring)
Will    .....        (no ring)
Stlth   ++++++       (no ring)
HPRegen 0.31/turn    (no ring)
MPRegen 0.52/turn    (no ring)
                     (no ring)

%: no passive effects
@: hasted, wreathed by umbra, very quick
A: almost no armour, amphibious, 8 rings, camouflage 1, gelatinous body 1,
(nimble swimmer 1), tentacles
a: Renounce Religion, Shadow Step


You were on level 8 of the Dungeon.
You worshipped Dithmenos.
Dithmenos was pleased with you.
You visited 2 branches of the dungeon, and saw 9 of its levels.

You collected 1706 gold pieces.

Inventory:

Hand Weapons
 d - the +10 lajatang "Goblinslayer" (weapon) {speed, ^Fragile rPois Will- Dex+5}
   (You acquired it on level 6 of the Dungeon)

   Dex+5:     It affects your dexterity (+5).
   rPois:     It protects you from poison.
   Will-:     It decreases your willpower.
   ^Fragile:  It will be destroyed if unequipped.
 i - a +1 war axe
Missiles
 g - 7 boomerangs
 j - 2 silver javelins
 m - 4 throwing nets
 p - 3 curare-tipped darts (quivered)
Armour
 a - a +1 buckler
Jewellery
 f - a ring of poison resistance (left tentacle)
 s - an amulet of regeneration
 x - a ring of fire
 y - an amulet of magic regeneration (around mantle)
Talismans
 k - a serpent talisman
Wands
 r - a wand of flame (14)
 u - a wand of iceblast (8)
 v - a wand of polymorph (8)
 A - a wand of light (10)
Scrolls
 l - a scroll of immolation
 t - a scroll of revelation {unknown}
 z - a scroll of teleportation
Potions
 b - a potion of brilliance
 c - a potion of cancellation {unknown}
 e - 2 potions of haste
 h - a potion of magic
 n - a potion of degeneration {unknown}
 o - a potion of curing {unknown}
 q - a potion of enlightenment {unknown}
 w - a potion of might


   Skills:
 * Level 5.2 Fighting
 * Level 6.9 Staves
 + Level 0.2 Throwing
 * Level 5.5 Dodging
 + Level 7.2 Stealth
 - Level 3.7 Shields
 + Level 8.1 Unarmed Combat
 * Level 4.0 Evocations


You had 9 spell levels left.
You didn't know any spells.
Your spell library contained the following spells:

 Spells                   Type           Power      Damage    Failure   Level
 Apportation              Tloc           0%         N/A       36%         1
 Magic Dart               Conj           0%         1d3       36%         1
 Necrotise                Necr           0%         1d4       36%         1
 Slow                     Hex            0%         N/A       36%         1
 Sting                    Conj/Alch      0%         1d3       36%         1
 Summon Small Mammal      Summ           0%         N/A       36%         1
 Blink                    Tloc           0%         N/A       50%         2
 Call Imp                 Summ           0%         N/A       50%         2
 Ensorcelled Hibernation  Hex/Ice        0%         N/A       50%         2
 Mercury Vapours          Alch/Air       0%         N/A       50%         2
 Confusing Touch          Hex            0%         N/A       75%         3
 Fugue of the Fallen      Necr           0%         N/A       75%         3
 Mephitic Cloud           Conj/Alch/Air  0%         N/A       75%         3
 Sigil of Binding         Hex            0%         N/A       75%         3
 Vampiric Draining        Necr           0%         2d6       75%         3
 Anguish                  Hex/Necr       0%         N/A       98%         4
 Freezing Cloud           Conj/Ice/Air   0%         6-21      100%        5
 Death Channel            Necr           0%         N/A       100%        6
 Sculpt Simulacrum        Ice/Alch       0%         N/A       100%        6


Dungeon Overview and Level Annotations

Branches:
Dungeon (8/15)             Temple (1/1) D:5            Lair (0/5) D:8

Altars:
Ashenzari
Cheibriados
Dithmenos
Elyvilon
Hepliaklqana
Kikubaaqudgha
Makhleb
Nemelex Xobeh
Okawaru
Ru
Sif Muna
Trog
Vehumet
Wu Jian
Xom
Yredelemnul
Zin
The Shining One

Shops:
D:2 :

Annotations:
D:8 Erica


Innate Abilities, Weirdness & Mutations

You cannot wear most types of armour.
You are amphibious.
You can wear up to eight rings at the same time.
Your skin changes colour to match your surroundings (Stealth+).
Your rubbery body absorbs attacks. (AC +1, EV +1)
((You are camouflaged when in or above water. (Stealth+)))
You have tentacles for arms and can constrict up to eight enemies at once.


Message History

The orc priest calls down the wrath of Beogh upon you.
Pain shoots through your body! Erica casts a spell at you.
The bolt of poison misses you.
The orc shouts!
The orc warrior shouts!
You slash the orc!
You kill the orc!
Dithmenos accepts your kill.
The orc priest calls down the wrath of Beogh upon you.
Beogh smites you!
The orc priest mumbles some strange prayers to Beogh against you.
Beogh smites you!
Things that are here:
a +0 hand axe; a +0 scale mail You slash the orc priest!
You kill the orc priest!
Dithmenos accepts your kill.
Erica zaps a wand.
Your will is overpowered!
You are confused.
The orc hits you with a +0 club. The orc warrior closely misses you.
The orc attacks as it pursues you! The orc barely misses you.
Unknown command.
You miss the orc priest.
The orc priest invokes the aid of Beogh against you.
Beogh smites you! The orc attacks as it pursues you!
The orc hits you with a +0 club.
Erica misses you. x2; The orc priest hits you with a +0 club.
Erica attacks as she pursues you! Erica closely misses you.
Erica barely misses you.
The orc warrior hits you from afar with a +0 halberd!
* * * LOW HITPOINT WARNING * * *
The orc barely misses you. The orc priest closely misses you.
You feel yourself speed up.
You feel less confused. Erica misses you. Erica closely misses you.
The orc warrior closely misses you. The orc hits you but does no damage.
The orc priest misses you.
It was a potion of magic.
Magic courses through your body. Erica barely misses you. Erica misses you.
The orc warrior hits you from afar with a +0 halberd!
You die...

###### #....# #####
##....####...#
#...#..##..#.#
#.#.#......#.#
#.#.##....##.#
#.#.##....##.#
#.#..##..##..#
#..o@##..##..#
#.oox.####...#
#######)....####..##
.......).....##..##
####.........##..##
#........####..##
..........####...#
....##.....##..##..#
.###
......##..##..##


You could see Erica, an orc warrior, an orc priest and an orc.

Vanquished Creatures
  Grinder (D:3)
  Sigmund (D:3)
  2 steam dragons (D:7)
  A water moccasin (D:7)
  3 ice beasts (D:8)
  3 sky beasts (D:7)
  2 wolves (D:8)
  2 phantoms (D:5)
  A centaur (D:8)
  A gnoll sergeant (D:7)
  A kobold brigand (D:7)
  A bullfrog (D:7)
  4 scorpions
  15 killer bees (D:7)
  A howler monkey (D:6)
  A jelly (D:8)
  6 orc priests
  A hound (D:6)
  A sleepcap (D:7)
  5 iguanas
  4 orc wizards
  4 gnolls (D:7)
  10 adders
  2 white imps
  2 ufetubi (D:6)
  8 ribbon worms
  2 dart slugs (D:1)
  21 orcs
  7 bats
  6 endoplasms
  2 giant cockroaches
  9 goblins
  9 hobgoblins
  5 quokkas
  10 ball pythons
  A frilled lizard (D:1)
  12 kobolds
  6 rats
173 creatures vanquished.

Notes
Turn   | Place    | Note
-------+----------+-------------------------------------------
     0 | D:1      | Dorkslayer the Octopode Fighter began the quest for the
                  | Orb.
     0 | D:1      | Reached XP level 1. HP: 16/16 MP: 1/1
    89 | D:1      | Reached XP level 2. HP: 19/21 MP: 2/2
   120 | D:1      | Found a faded altar of an unknown god.
   261 | D:1      | Reached XP level 3. HP: 21/26 MP: 3/3
   824 | D:2      | Found Rumnufus's Book Boutique.
   831 | D:2      | Reached skill level 1 in Stealth
  1000 | D:2      | Reached skill level 3 in Unarmed Combat
  1016 | D:2      | Reached XP level 4. HP: 29/31 MP: 4/4
  1259 | D:3      | Noticed Grinder
  1270 | D:3      | Killed Grinder
  1271 | D:3      | Reached skill level 4 in Unarmed Combat
  1271 | D:3      | Reached XP level 5. HP: 36/36 MP: 5/5
  1271 | D:3      | Reached XP level 6. HP: 42/42 MP: 6/6
  1475 | D:3      | Found a burning altar of Makhleb.
  1488 | D:3      | Noticed Sigmund
  1494 | D:3      | Killed Sigmund
  1495 | D:3      | Reached skill level 5 in Unarmed Combat
  1751 | D:3      | Reached XP level 7. HP: 46/46 MP: 7/7
  1867 | D:3      | Found a hazy altar of Hepliaklqana.
  2018 | D:3      | Found a bloodstained altar of Trog.
  2911 | D:5      | Entered Level 5 of the Dungeon
  2936 | D:5      | Reached skill level 6 in Unarmed Combat
  3098 | D:5      | Found a sparkling altar of Nemelex Xobeh.
  3145 | D:5      | Found a staircase to the Ecumenical Temple.
  3182 | D:5      | Reached skill level 5 in Stealth
  3405 | Temple   | Entered the Ecumenical Temple
  3414 | Temple   | Became a worshipper of Dithmenos the Shadowed
  4001 | D:5      | Reached skill level 7 in Unarmed Combat
  4001 | D:5      | Reached XP level 8. HP: 20/52 MP: 8/8
  4161 | D:6      | Identified a scroll of acquirement
  4161 | D:6      | Acquired the +10 lajatang "Goblinslayer" {speed, ^Fragile
                  | rPois Will- Dex+5}
  4217 | D:6      | Reached skill level 1 in Evocations
  4375 | D:6      | Reached * piety under Dithmenos
  4790 | D:6      | Reached skill level 1 in Staves
  5028 | D:7      | Reached skill level 8 in Unarmed Combat
  5054 | D:7      | Reached XP level 9. HP: 58/58 MP: 9/9
  5156 | D:7      | Reached skill level 5 in Dodging
  5308 | D:7      | Reached ** piety under Dithmenos
  5318 | D:7      | Identified the +11 dagger "Hitas" {spect, rPois rN+ Int-4
                  | Dex+3}
  5325 | D:7      | Reached skill level 5 in Staves
  5627 | D:7      | Acquired 1335 gold pieces
  5969 | D:8      | Found a staircase to the Lair.
  5971 | D:8      | Noticed a rime drake
  5973 | D:8      | Reached skill level 5 in Fighting
  5991 | D:8      | Reached XP level 10. HP: 66/66 MP: 10/10
  6152 | D:8      | Noticed Erica
  6172 | D:8      | Slain by an orc warrior

Illustrated notes

Levels and vault maps discovered:
D:1:      minmay_arrival_four_houses, layout_basic,
          ebering_ecumenical_altar_webs, grunt_decor_junction, nrook_uturn,
          minmay_tall_x
D:2:      minmay_evil_eye, layout_rooms, serial_shops, shop
D:3:      layout_loops_corners, trog_hazing_becter,
          mainiacjoe_overflow_alcove_4, nzn_hepliaklqana_mist_gate, hex_tiny,
          dk_noncrumbling_3, uniq_sigmund, uniq_grinder
D:4:      layout_basic, minmay_misc_feat_more_columns, dreamdust_princess_bridge
D:5:      layout_cave_pools, kennysheep_mini, minmay_temple_entry_ruins,
          roderic_lattice_a, nicolae_wormholes
D:6:      layout_loops_cross, serial_library_hellmonk_filled_rooms,
          serial_bayou_pond_a
D:7:      layout_basic, eino_jars
D:8:      layout_rooms, hellmonk_lair_entry_icy, minmay_misc_feat_x,
          kennysheep_cross_room, uniq_erica
Temple:   compressed_dpeg_circular_temple

Skill      XL: |  1  2  3  4  5  6  7  8  9 10 |
---------------+-------------------------------+-----
Stealth        | 1 3 4 5 6 7 |  7.2
Unarmed Combat | 3 4 5 7 8 |  8.1
Dodging        | 4 5 |  5.5
Evocations     | 2 3 4 |  4.0
Staves         | 2 6 |  6.9
Fighting       | 5 |  5.2
Throwing       | |  0.2
Shields        | |  3.7

Action                     |  1- 3 |  4- 6 |  7- 9 | 10-12 || total
---------------------------+-------+-------+-------+-------++-------
  Melee: Unarmed           |    72 |    25 |   173 |       ||   270
         Constrict         |    21 |     7 |    54 |       ||    82
         Tentacles         |    13 |     8 |    44 |     1 ||    66
         Punch             |     1 |       |     6 |       ||     7
         Lajatang          |       |       |    92 |    10 ||   102
  Throw: Javelin           |       |       |     3 |       ||     3
         Dart              |       |       |     2 |       ||     2
    Use: Potion            |       |     1 |     5 |     2 ||     8
         Scroll            |       |       |    16 |       ||    16
   Stab: Sleeping          |    11 |     3 |    21 |     1 ||    36
         Distracted        |       |     1 |       |       ||     1
         Invisible         |       |       |     2 |       ||     2
 Armour: Skin              |    21 |     3 |   116 |     7 ||   147
  Dodge: Dodged            |    30 |     9 |   197 |    18 ||   254
  Block: Buckler           |     6 |     5 |    45 |       ||    56

Table legend: (Time is in decaauts)
 A = Elapsed time spent in this place.
 B = Non-inter-level travel time spent in this place.
 C = Inter-level travel time spent in this place.
 D = Time resting spent in this place.
 E = Time spent auto-exploring this place.
 F = Levels seen in this place.
 G = Mean time per level.
                   A        B        C        D        E       F      G
               +--------+--------+--------+--------+--------+-----+--------+
         Total |   6114 |   6114 |      0 |    123 |   3496 |   9 |  679.3 |
       Dungeon |   6093 |   6093 |      0 |    123 |   3496 |   8 |  761.6 |
        Temple |     20 |     20 |      0 |      0 |      0 |   1 |   20.0 |
               +--------+--------+--------+--------+--------+-----+--------+

Top non-repeatable levels by time:
     D:5: 1199 daAuts
     D:7: 986 daAuts
     D:3: 943 daAuts
     D:1: 823 daAuts
     D:6: 768 daAuts
     D:4: 713 daAuts
     D:2: 424 daAuts
     D:8: 233 daAuts
  Temple: 20 daAuts
